[Event "*** Titled Tuesday Blitz"]
[Site "Chess.com"]
[Date "2021.04.20"]
[Round "5"]
[White "NateSolon"]
[Black "Indianlad"]
[Result "0-1"]
[WhiteElo "2640"]
[BlackElo "2916"]
[TimeControl "180+1"]
[EndTime "10:54:30 PDT"]
[Termination "Indianlad won by resignation"]

1. d4 Nf6 2. c4 g6 3. g3 Bg7 4. Bg2 O-O 5. Nc3 d6 6. Nf3 Nbd7 7. O-O e5 8. e4 exd4 9. Nxd4 Re8 10. h3 a6 11. Re1 Rb8 12. Be3 Ne5 13. b3 Bd7 14.
Rc1 c5 15. Nde2 Bc6 16. Nf4 b5 17. cxb5 axb5 18. Ncd5 Nxd5 19. Nxd5 c4 20. Nb4 Bb7 21. f4 Nd7 22. Bd4 Bxd4+ 23. Qxd4 Qb6 24. Rcd1 Qxd4+ 25. Rxd4 cxb3 26. axb3 Nc5 27. Rxd6 Nxe4 28. Rd7 Nc5 29.
Rxe8+ Rxe8 30. Rxb7 Nxb7 31. Bxb7 Re3 32. Bd5 Rxg3+ 33.
Kh2 Rc3 34. Nc6 Kg7 35. Na7 Rd3 36. Bc6 b4 37. Ba4 Rf3 38. Nc6 Rxf4 39. Kg3 g5 40. Bb5 h5 41. Bc4 h4+ 42. Kg2 Rxc4 43. bxc4 b3 44.
Ne7 b2 0-1

[Event "*** Titled Tuesday Blitz"]
[Site "Chess.com"]
[Date "2021.04.20"]
[Round "5"]
[White "Szparu"]
[Black "BanjoKazooieN64"]
[Result "1-0"]
[WhiteElo "2687"]
[BlackElo "2447"]
[TimeControl "180+1"]
[EndTime "10:54:30 PDT"]
[Termination "Szparu won by resignation"]

1. e4 e6 2. d4 d5 3. Nd2 Nf6 4. e5 Nfd7 5. Bd3 c5 6. c3 Nc6 7. Ne2 cxd4 8. cxd4 f6 9. exf6 Nxf6 10. Nf3 Qc7 11. O-O Bd6 12. h3 O-O 13. Be3 e5 14. dxe5 Nxe5 15. Nxe5 Bxe5 16. Rc1 Qf7 17. Bc5 Re8 18.
Bd4 Bd6 19. Ng3 Ne4 20. Qh5 Qxh5 21. Nxh5 Be5 22. Bxe5 Rxe5 23. Nf4 Bf5 24. Rfd1 Nf6 25. Rc7 b6 26. Bxf5 Rxf5 27. Ne6 g6 28. Re1 Re8 29.
Rxa7 d4 30. g4 Rd5 31. g5 Nh5 32. Kf1 d3 33. Nc7 Rxe1+ 34. Kxe1 d2+ 35. Kd1 Rd3 36. Ra3 Rd7 37. Nb5 Nf4 38. Nc3 Nxh3 39. Ne4 Rd4 40.
Nf6+ Kf7 41. Rxh3 h5 42. gxh6 Kxf6 43. h7 1-0

[Event "*** Titled Tuesday Blitz"]
[Site "Chess.com"]
[Date "2021.04.20"]
[Round "5"]
[White "Kislov_Oleg"]
[Black "OlifantCZ"]
[Result "1-0"]
[WhiteElo "2509"]
[BlackElo "2261"]
[TimeControl "180+1"]
[EndTime "10:54:30 PDT"]
[Termination "Kislov_Oleg won by checkmate"]

1. e4 e6 2. d4 d5 3. Nc3 Bb4 4. exd5 exd5 5. Bd3 Nf6 6. Ne2 O-O 7. Bg5 Be7 8. Qd2 c6 9. O-O Bg4 10. Ng3 Nbd7 11.
h3 Bh5 12. f4 Re8 13. Nf5 Bf8 14. g4 Bg6 15. Rae1 Qc7 16. Qg2 Bb4 17. h4 Nf8 18.
Bxf6 gxf6 19. h5 Rxe1 20. Rxe1 Bxc3 21. bxc3 Qxf4 22. hxg6 fxg6 23. Ne3 Re8 24. Qf2 Qg5 25. Kh2 Ne6 26. Qg3 Nf4 27. Ng2 Rxe1 28. Nxe1 Nxd3 29. Nxd3 Qd2+ 30. Qf2 Qh6+ 31. Kg3 Kg7 32. Qf4 Qh1 33. Qc7+ Kh6 34. Qf4+ Kg7 35. Qf2 Qd1 36. Nf4 Qa1 37. Qe3 Qb2 38. Qe7+ Kh6 39. Qf8+ Kg5 40. Nh3# 1-0

[Event "*** Titled Tuesday Blitz"]
[Site "Chess.com"]
[Date "2021.04.20"]
[Round "5"]
[White "AlexTriapishko"]
[Black "saikrishnaReturns"]
[Result "1-0"]
[WhiteElo "2904"]
[BlackElo "2675"]
[TimeControl "180+1"]
[EndTime "10:54:32 PDT"]
[Termination "AlexTriapishko won on time"]

1. e4 e5 2. Nf3 Nc6 3. Bb5 a6 4. Ba4 d6 5. O-O Nf6 6. c3 b5 7. Bb3 Be7 8. d4 Bg4 9. d5 Na5 10. Bc2 c6 11. h3 Bxf3 12. Qxf3 Qc7 13. dxc6 Qxc6 14. Bg5 Nc4 15. Nd2 Nxb2 16. Rab1 Nc4 17. Nxc4 Qxc4 18. Bxf6 Bxf6 19. Bb3 Qc7 20. c4 bxc4 21.
Rfc1 O-O 22. Rxc4 Qa5 23. Rd1 Be7 24. Qf5 Ra7 25. Rc8 Rxc8 26. Bxf7+ Kf8 27. Bb3+ Bf6 28. Qxc8+ Qd8 29. Qe6 Qb6 30. Rxd6 1-0

[Event "*** Titled Tuesday Blitz"]
[Site "Chess.com"]
[Date "2021.04.20"]
[Round "5"]
[White "RD4ever"]
[Black "I_Enchev"]
[Result "1-0"]
[WhiteElo "2865"]
[BlackElo "2613"]
[TimeControl "180+1"]
[EndTime "10:54:32 PDT"]
[Termination "RD4ever won by resignation"]

1. d4 Nf6 2. c4 e5 3. dxe5 Ng4 4. e3 Nxe5 5. Nh3 Bb4+ 6. Bd2 Bxd2+ 7. Qxd2 d6 8. Nf4 Be6 9. Nxe6 fxe6 10. Be2 Nbc6 11. Nc3 Qh4 12. g3 Qe7 13. f4 Nd7 14. Bf3 O-O 15.
O-O Nc5 16. Rab1 a5 17. Nb5 e5 18. Nc3 e4 19. Nxe4 Nxe4 20. Qd5+ Kh8 21. Qxe4 Qxe4 22. Bxe4 Rfe8 23. Bxc6 bxc6 24. Kf2 Re4 25. Rbc1 Rb8 26. Rc2 Rb4 27. Rfc1 a4 28. Kf3 Re8 29.
Rd1 Reb8 30. Rdd2 Kg8 31. e4 Kf7 32. g4 Ke6 33. h4 Rf8 34. h5 Rfb8 35. g5 Rf8 36.
Kg4 Rf7 37. Kf3 Rf8 38. Ke3 Rf7 39. Rd4 Rf8 40. f5+ Ke5 41. Rcd2 d5 42. Rxd5+ 1-0

[Event "*** Titled Tuesday Blitz"]
[Site "Chess.com"]
[Date "2021.04.20"]
[Round "5"]
[White "Nara_Kh"]
[Black "Matols"]
[Result "1-0"]
[WhiteElo "2453"]
[BlackElo "2260"]
[TimeControl "180+1"]
[EndTime "10:54:32 PDT"]
[Termination "Nara_Kh won on time"]

1. e4 e6 2. d4 d5 3. Nd2 c5 4. Ngf3 cxd4 5. exd5 Qxd5 6. Bc4 Qd6 7. O-O Nf6 8. Nb3 Nc6 9. Nbxd4 Nxd4 10. Nxd4 a6 11. Re1 Qc7 12. Bf1 Bd6 13. g3 O-O 14. Bg5 b5 15. Bg2 Nd5 16. Qh5 Bb7 17. Rad1 Rae8 18.
Qg4 Kh8 19. c3 h6 20. Qh5 Be7 21. Bxh6 gxh6 22. Qxh6+ Kg8 23. Be4 Nf6 24. Bb1 Rd8 25. Qg5+ Kh8 26. Re5 Rd5 27. Rxd5 Bxd5 28. Re1 Rd8 29.
Re5 Ne4 30. Qh5+ Kg8 31. Bxe4 1-0

[Event "*** Titled Tuesday Blitz"]
[Site "Chess.com"]
[Date "2021.04.20"]
[Round "5"]
[White "CrushingKings"]
[Black "oskariot"]
[Result "1-0"]
[WhiteElo "2508"]
[BlackElo "2668"]
[TimeControl "180+1"]
[EndTime "10:54:33 PDT"]
[Termination "CrushingKings won on time"]

1. e4 c5 2. d4 cxd4 3. c3 d3 4. Bxd3 Nc6 5. c4 g6 6. h3 Bg7 7. Nf3 d6 8. O-O Nf6 9. Nc3 O-O 10. Be3 Bd7 11. Rc1 Qa5 12. Qe2 Rfc8 13. b3 Qd8 14. Rfd1 a6 15. Na4 Rab8 16. Nb6 Rc7 17. Nd5 Rcc8 18.
Nb6 Rc7 19. Nd5 Rcc8 20. Bb1 Nxd5 21. exd5 Ne5 22. Nd4 f5 23. Bg5 Bf6 24. Bxf6 exf6 25.
f4 Nf7 26. a4 Qb6 27. Kh2 Re8 28.
Qb2 a5 29. Re1 Kg7 30. Rcd1 Qb4 31. Re6 Bxe6 32. Nxe6+ Rxe6 33. dxe6 Nd8 34. Qe2 Nc6 35. Rd5 Ne7 36. Rb5 Qc3 37. Qd1 Qe3 38. Qxd6 Re8 39. Rxb7 Kf8 40. Rxe7 Rxe7 41. Qd8+ 1-0

[Event "*** Titled Tuesday Blitz"]
[Site "Chess.com"]
[Date "2021.04.20"]
[Round "5"]
[White "secretsuperstar7"]
[Black "Problematique_99"]
[Result "0-1"]
[WhiteElo "2245"]
[BlackElo "2502"]
[TimeControl "180+1"]
[EndTime "10:54:33 PDT"]
[Termination "Problematique_99 won by resignation"]

1. e4 c5 2. Nf3 e6 3. d4 cxd4 4.
Nxd4 a6 5. Nc3 b5 6. Be3 Bb7 7. f3 Nf6 8. Be2 Qc7 9. O-O b4 10. Na4 d5 11. exd5 Nxd5 12. Bf2 Bd6 13. g3 Nd7 14.
Rc1 O-O 15. c4 bxc3 16. Nxc3 Qb8 17. Ne4 Be5 18. b3 N7f6 19. Nc6 Bxc6 20. Rxc6 Nxe4 21. fxe4 Nc3 22. Qc2 Rc8 23. Rxc8+ Qxc8 24. Bd3 Qd7 25. Rc1 Rd8 26. Be1 Qxd3 27. Bxc3 Qxc2 28. Rxc2 Rc8 29.
Bxe5 Rxc2 30. a4 Re2 31. Bd6 Rxe4 32. b4 a5 33. b5 Rxa4 34. b6 Ra1+ 35. Kf2 Rb1 36.
Bc7 a4 37. Ke3 a3 38. Kd4 a2 39. Kc5 a1=Q 0-1

[Event "*** Titled Tuesday Blitz"]
[Site "Chess.com"]
[Date "2021.04.20"]
[Round "5"]
[White "guillembaches"]
[Black "DanielTitichoca"]
[Result "1-0"]
[WhiteElo "2510"]
[BlackElo "2281"]
[TimeControl "180+1"]
[EndTime "10:54:38 PDT"]
[Termination "guillembaches won on time"]

1. e4 c5 2. Nf3 d6 3. d4 cxd4 4. Qxd4 Nf6 5. c4 Nc6 6. Qe3 g6 7. h3 Bg7 8. Be2 O-O 9. O-O Be6 10. Nc3 a5 11. Rd1 Nd7 12. Bd2 Qb6 13. Qd3 Nde5 14. Nxe5 Nxe5 15. Qg3 Nxc4 16. Bxc4 Bxc4 17. b3 Be6 18.
Rac1 Rac8 19. Nd5 Bxd5 20. exd5 Qb5 21. Bg5 Qe2 22. Qg4 Qxf2+ 23. Kxf2 Rce8 24. Qd7 f6 25. Qe6+ Kh8 26. Be3 g5 27. Rc7 f5 28. Bxg5 Be5 29.
Rdc1 Rg8 30. Bxe7 Rg6 31. Bf6+ Bxf6 32. Qxe8+ Rg8 33. Qf7 Bd4+ 34. Kf1 Bg7 35. Re7 1-0

[Event "*** Titled Tuesday Blitz"]
[Site "Chess.com"]
[Date "2021.04.20"]
[Round "5"]
[White "ClydeHillKid"]
[Black "Komiagina_Maria"]
[Result "1-0"]
[WhiteElo "2413"]
[BlackElo "2235"]
[TimeControl "180+1"]
[EndTime "10:54:38 PDT"]
[Termination "ClydeHillKid won on time"]

1. e4 c5 2. Nf3 Nc6 3. d4 cxd4 4. Nxd4 Nf6 5. Nc3 d6 6. Bc4 e6 7.
O-O a6 8. Be3 Be7 9. f4 Qc7 10.
Bb3 Bd7 11. f5 e5 12. Nde2 h6 13. Nd5 Nxd5 14. Qxd5 O-O 15. f6 Bxf6 16. Rxf6 gxf6 17. Bxh6 Nb4 18. Qd2 Qc5+ 19. Be3 Qb5 20. a4 Qa5 21. Qxd6 Bg4 22. Bb6 Rfd8 23. Qxd8+ Rxd8 24. Bxa5 b6 25. Bxb4 Bxe2 26. Kf2 Bg4 27. h3 Bc8 28. Ke2 a5 29. Bc3 Ba6+ 30. Ke3 Kg7 31. Re1 Kg6 32. Bd5 Rc8 33. Rd1 b5 34. axb5 Bxb5 35. Bb3 a4 36. Bd5 Ba6 37. Ra1 Bb5 38. Kd2 Bd7 39. b3 1-0

[Event "*** Titled Tuesday Blitz"]
[Site "Chess.com"]
[Date "2021.04.20"]
[Round "5"]
[White "Twitch_ElhamBlitz05"]
[Black "Nozdrachev_Leonid"]
[Result "1-0"]
[WhiteElo "2748"]
[BlackElo "2553"]
[TimeControl "180+1"]
[EndTime "10:54:40 PDT"]
[Termination "Twitch_ElhamBlitz05 won on time"]

1. e4 c6 2. d4 d5 3. Nc3 dxe4 4. Nxe4 Bf5 5. Ng3 Bg6 6. h4 h6 7. Nf3 Nd7 8. h5 Bh7 9. Bd3 Bxd3 10. Qxd3 e6 11. Bd2 Ngf6 12. O-O-O Be7 13. Qe2 O-O 14. Nf1 c5 15. g4 cxd4 16. g5 Nd5 17. gxh6 Nc3 18.
Bxc3 dxc3 19. hxg7 Qb6 20. gxf8=Q+ Kxf8 21. bxc3 Rd8 22. Kd2 Bf6 23. Ke1 Bxc3+ 24. N1d2 Nf6 25. Kf1 Nd5 26. h6 Ke7 27. Rh4 Bf6 28. Rc4 Nc3 29. Rxc3 Bxc3 30. Ne4 Rxd1+ 31. Qxd1 Qb5+ 32. Qd3 Qxd3+ 33. cxd3 Bh8 34. h7 f6 35. Ke2 Kf7 36. Nd6+ Kg6 37. Nxb7 Kxh7 38. Nc5 e5 39. d4 exd4 40. Nxd4 Kg6 41.
Nc6 f5 42. Kd3 1-0

[Event "*** Titled Tuesday Blitz"]
[Site "Chess.com"]
[Date "2021.04.20"]
[Round "5"]
[White "shnitez"]
[Black "bricolageur"]
[Result "0-1"]
[WhiteElo "2507"]
[BlackElo "2351"]
[TimeControl "180+1"]
[EndTime "10:54:40 PDT"]
[Termination "bricolageur won on time"]

1. c4 e5 2. Nc3 Nc6 3. Nf3 f5 4. d4 e4 5. Ng5 Bb4 6. g3 Qf6 7. a3 Bxc3+ 8. bxc3 h6 9. Nh3 g5 10. Ng1 Nge7 11. h4 Rg8 12. hxg5 hxg5 13. e3 d6 14. a4 Na5 15. Ba3 Be6 16. c5 Nc4 17. cxd6 cxd6 18. a5 Rc8 19. Bb4 Nd5 20. Bxc4 Rxc4 21. Rh7 Bd7 22. Qh5+ Qg6 23. Qxg6+ Rxg6 24. Rb1 a6 25. Ne2 f4 26. Kd2 f3 27. Nc1 Bc6 28. Nb3 Nxb4 29.
cxb4 Rxb4 30. Kc3 Rb5 31. Rbh1 Rg8 32. Rc7 Kd8 33. Rhh7 Bd5 0-1

[Event "*** Titled Tuesday Blitz"]
[Site "Chess.com"]
[Date "2021.04.20"]
[Round "5"]
[White "Harry_Rakkel"]
[Black "PavelChernomordik"]
[Result "1-0"]
[WhiteElo "2607"]
[BlackElo "2379"]
[TimeControl "180+1"]
[EndTime "10:54:41 PDT"]
[Termination "Harry_Rakkel won on time"]

1. Nf3 g6 2. d4 Bg7 3. e4 d6 4.
c4 Bg4 5. Be2 Nc6 6. Be3 e5 7.
d5 Bxf3 8. Bxf3 Nd4 9. Nd2 c5 10. dxc6 bxc6 11. Bg4 Nf6 12. Bh3 O-O 13. O-O Nh5 14.
Kh1 Nf4 15. Bxf4 exf4 16. Qa4 Qb6 17. b3 Rfe8 18. Rad1 Ne2 19. Qa3 Nc3 20. Rde1 Qc5 21. Qxc5 dxc5 22. Bd7 Red8 23. Bxc6 Rac8 24. Bd5 Nxa2 25.
g3 Bc3 26. Re2 fxg3 27. fxg3 Rc7 28. e5 Bxd2 29. Rxd2 Re8 30. Rxa2 Rxe5 31. Raf2 Ree7 32. Rf6 Kg7 33. g4 Re1 34. Rxg6+ fxg6 35. Rxe1 Kf6 36. h4 h6 37. Re6+ Kg7 38. Kg2 Rd7 39. Rc6 1-0

[Event "*** Titled Tuesday Blitz"]
[Site "Chess.com"]
[Date "2021.04.20"]
[Round "5"]
[White "AungTZ"]
[Black "DFeco"]
[Result "1-0"]
[WhiteElo "2151"]
[BlackElo "2309"]
[TimeControl "180+1"]
[EndTime "10:54:43 PDT"]
[Termination "AungTZ won on time"]

1. c4 c5 2. Nf3 Nc6 3. d4 cxd4 4. Nxd4 Qb6 5. Nb5 a6 6. Be3 Qa5+ 7. N5c3 e6 8. Nd2 Nf6 9. h3 Bb4 10. Qc2 Bxc3 11.
bxc3 O-O 12. g4 d5 13. Bg2 Rd8 14. g5 Ne8 15. cxd5 exd5 16. Nb3 Qc7 17. Rd1 g6 18. Rxd5 Bf5 19. Qb2 Rxd5 20. Bxd5 Rd8 21. Bg2 Nd6 22.
O-O Nc4 23. Qc1 Qc8 24. Kh2 Ne7 25. Bd4 Be6 26. Qf4 Nf5 27. Bf6 Rd7 28. Nd4 Ncd6 29.
Nxe6 fxe6 30. e4 Ng7 31. Rd1 Nde8 32. Rxd7 Qxd7 33. Qb8 Kf7 34. Be5 Qb5 35. c4 Qc6 36. a4 Nh5 37. a5 Qd7 38. c5 Qe7 39. Bd6 Qd7 40. e5 Nf4 41. Bxb7 Qa4 42. Qd8 Nxd6 43.
cxd6 Qb3 44. Qf6+ Kg8 45. Qxf4 1-0

[Event "*** Titled Tuesday Blitz"]
[Site "Chess.com"]
[Date "2021.04.20"]
[Round "5"]
[White "svilson23"]
[Black "Savagelittlemole"]
[Result "1-0"]
[WhiteElo "2270"]
[BlackElo "2489"]
[TimeControl "180+1"]
[EndTime "10:54:44 PDT"]
[Termination "svilson23 won by checkmate"]

1. d4 Nf6 2. Bg5 c5 3. Bxf6 exf6 4. d5 d6 5. e4 f5 6. Nc3 Be7 7. Bb5+ Bd7 8. exf5 O-O 9. Bxd7 Qxd7 10. Qf3 Na6 11. Nge2 Nb4 12. Rc1 Bg5 13. O-O Bxc1 14. Rxc1 Qe7 15.
a3 Na6 16. Ne4 f6 17. N2c3 Rfe8 18. Qg3 Rad8 19. Re1 Nc7 20. Re3 Qf8 21. h4 b5 22.
b4 cxb4 23. axb4 Re5 24. f4 Re7 25. Qe1 Rde8 26. Qa1 a6 27. Qd1 Kh8 28. Qd4 Qf7 29. Rg3 Nxd5 30. Nxd6 Qf8 31. Qxd5 Re1+ 32. Kh2 R8e7 33.
Nce4 h6 34. Rc3 R1xe4 35. Nxe4 Kh7 36. Nd6 Qd8 37. Rc8 Qd7 38. Qg8# 1-0

[Event "*** Titled Tuesday Blitz"]
[Site "Chess.com"]
[Date "2021.04.20"]
[Round "5"]
[White "elm2007"]
[Black "ural58"]
[Result "1-0"]
[WhiteElo "2790"]
[BlackElo "2460"]
[TimeControl "180+1"]
[EndTime "10:54:45 PDT"]
[Termination "elm2007 won by resignation"]

1. e4 d5 2. exd5 Qxd5 3. Nc3 Qa5 4. d4 Nf6 5. Nf3 Nc6 6. d5 Nb4 7. Bb5+ Bd7 8. Bxd7+ Nxd7 9. a3 Nf6 10. axb4 Qxa1 11. O-O Qa6 12. Re1 Rd8 13. b5 Qd6 14.
Qd4 Nxd5 15. Ne4 Qb6 16. Qa4 e6 17. c4 Bb4 18. Rf1 Qa5 19. Qxa5 Bxa5 20. cxd5 exd5 21. Nc5 Bb6 22. Re1+ Kf8 23. Bg5 Ra8 24. Nd7+ Kg8 25. Re7 h6 26. Bd2 a5 27. Nxb6 cxb6 28. Rxb7 Kh7 29. Rxf7 Rhf8 30. Rb7 Rab8 31. Rxb8 Rxb8 32. Nd4 a4 33. Nc6 Re8 34. Be3 Re4 35. g3 Rc4 36.
Bxb6 Rc1+ 37. Kg2 Rb1 38. Bd4 a3 39. bxa3 Rxb5 40. a4 Rb3 41. a5 Ra3 42. Bb6 Kg6 43. Ne7+ Kf6 44. Nxd5+ Ke5 45. Nc7 Kd6 46. Nb5+ 1-0

[Event "*** Titled Tuesday Blitz"]
[Site "Chess.com"]
[Date "2021.04.20"]
[Round "5"]
[White "KacperPolOK"]
[Black "Fh2411"]
[Result "0-1"]
[WhiteElo "2360"]
[BlackElo "2556"]
[TimeControl "180+1"]
[EndTime "10:54:45 PDT"]
[Termination "Fh2411 won by resignation"]

1. e4 c5 2. Nc3 Nc6 3. Bb5 Nd4 4. Bc4 e6 5. Nf3 a6 6. d3 b5 7. Bb3 Nxb3 8. axb3 Bb7 9. O-O d6 10. Ng5 Nf6 11.
f4 Be7 12. f5 e5 13. Kh1 O-O 14. Nf3 Qc7 15. Rg1 d5 16. Qe2 dxe4 17. dxe4 Rfd8 18.
Bg5 h6 19. Bxf6 Bxf6 20. Rad1 Re8 21. Rd3 Rad8 22. Rgd1 Rd4 23. Nd5 Bxd5 24. exd5 Qd7 25. Nxd4 exd4 26. Qf3 Re5 27. g4 Rxd5 28. Re1 c4 29.
bxc4 bxc4 30. Ra3 a5 31. Rd1 Kh7 32. Kg2 Qd6 33. Ra4 Rc5 34. Rd2 Qb6 35. b3 cxb3 36.
Qxb3 Qc6+ 37. Qf3 Qxa4 0-1

[Event "*** Titled Tuesday Blitz"]
[Site "Chess.com"]
[Date "2021.04.20"]
[Round "5"]
[White "leopato"]
[Black "narutosmith"]
[Result "0-1"]
[WhiteElo "2122"]
[BlackElo "2321"]
[TimeControl "180+1"]
[EndTime "10:54:45 PDT"]
[Termination "narutosmith won by resignation"]

1. Nf3 Nf6 2. d4 e6 3. Bg5 h6 4. Bxf6 Qxf6 5. e4 d6 6. Nc3 g6 7. e5 Qd8 8. h4 Bg7 9. Qe2 O-O 10. O-O-O b5 11. Qxb5 Ba6 12. Qa4 Bxf1 13. Rhxf1 Nd7 14. Qc6 Rb8 15. exd6 cxd6 16. Qxd6 Rb6 17. Qa3 Qb8 18. Rfe1 Rc8 19. d5 Bf8 20. Qa5 Bb4 21. Qa4 Nc5 22. dxe6 Nxa4 23. exf7+ Kf8 24. Nxa4 Bxe1 25. Nxb6 Qxb6 26.
Rxe1 Qxf2 27. Nd4 Qxd4 28. Re8+ Rxe8 29. fxe8=Q+ Kxe8 30. c3 Qf2 31. a3 Qxg2 32. Kb1 Qh1+ 33. Ka2 Qxh4 34. Kb3 g5 35. a4 a5 36. Ka3 Qc4 37. b4 Qxc3+ 38. Ka2 axb4 39. a5 Qc2+ 40.
Ka1 b3 0-1

[Event "*** Titled Tuesday Blitz"]
[Site "Chess.com"]
[Date "2021.04.20"]
[Round "5"]
[White "enriquebutti"]
[Black "FeketeBarika"]
[Result "0-1"]
[WhiteElo "2051"]
[BlackElo "2258"]
[TimeControl "180+1"]
[EndTime "10:54:45 PDT"]
[Termination "FeketeBarika won on time"]

1. d4 Nf6 2. Nf3 e6 3. e3 d5 4. Bd3 c5 5. O-O Nc6 6. b3 Be7 7. Bb2 O-O 8. c4 dxc4 9. bxc4 cxd4 10. exd4 Bd7 11. Nbd2 Rc8 12. Re1 Nb4 13. Bb1 Bc6 14. a3 Na6 15. Ne5 b5 16. Nxc6 Rxc6 17. cxb5 Rb6 18.
a4 Nb4 19. Nc4 Rb8 20. Re3 Nbd5 21. Rh3 g6 22. Qd2 Qc7 23. Ne5 Bd6 24. Qh6 Rfc8 25. Bd3 Bf8 26. Qg5 Bg7 27. Nc6 Rb6 28. Rf3 Rxc6 29.
bxc6 Qxc6 30. Rc1 Qb7 31. Rxc8+ Qxc8 32. Qc1 Qb7 33. Bb5 a6 34. Qc6 Qe7 35. Qa8+ Bf8 36. Bxa6 Qb4 37. h3 Qxb2 38. Bc4 Qxd4 39. Bxd5 exd5 40. Re3 Kg7 41. a5 Qd1+ 42. Kh2 Bd6+ 43. g3 Qd2 44. Rf3 Qe2 45. Kg2 Qe4 46. a6 Nd7 0-1

[Event "*** Titled Tuesday Blitz"]
[Site "Chess.com"]
[Date "2021.04.20"]
[Round "5"]
[White "KuzubovYuriy"]
[Black "Korchmar_Vasiliy"]
[Result "1-0"]
[WhiteElo "2862"]
[BlackElo "2643"]
[TimeControl "180+1"]
[EndTime "10:54:47 PDT"]
[Termination "KuzubovYuriy won on time"]

1. d4 Nf6 2. Nf3 d5 3. c4 c6 4. Nc3 a6 5. Qc2 dxc4 6. a4 Bg4 7. e3 Bxf3 8. gxf3 Nbd7 9. Bxc4 b5 10. Be2 g6 11. Ne4 Rc8 12. Bd2 Bg7 13. axb5 cxb5 14. Qb3 Nxe4 15. fxe4 Qb6 16. Bb4 e5 17. O-O exd4 18. exd4 Bxd4 19. Bg4 f5 20. exf5 Ne5 21. Rae1 gxf5 22. Rxe5+ Bxe5 23. Bh5+ Kd8 24. Qf7 Rc2 25. Rd1+ Bd4 26. Be7+ Kc8 27. Qxf5+ Kb8 28. Qxc2 Rg8+ 29.
Kf1 Qb7 30. Rxd4 Qh1+ 31. Ke2 Qxh2 32. Qf5 1-0

[Event "*** Titled Tuesday Blitz"]
[Site "Chess.com"]
[Date "2021.04.20"]
[Round "5"]
[White "AnnaChessLook"]
[Black "SanchezKelvin"]
[Result "0-1"]
[WhiteElo "2251"]
[BlackElo "124"]
[TimeControl "180+1"]
[EndTime "10:54:47 PDT"]
[Termination "SanchezKelvin won by resignation"]

1. d4 d5 2. c4 c6 3. Nf3 Nf6 4.
Nc3 e6 5. e3 Nbd7 6. b3 Bb4 7.
Bd2 Qe7 8. Bd3 dxc4 9. bxc4 e5 10. dxe5 Nxe5 11. Nxe5 Qxe5 12. Qb3 Bd6 13. f4 Qh5 14. O-O O-O 15. e4 Bc5+ 16. Kh1 Ng4 17. h3 Nf2+ 18.
Rxf2 Bxf2 19. Rf1 Bc5 20. f5 b6 21. e5 Bd4 22. Qa4 Bb7 23. c5 Bxe5 24. Be2 b5 25.
Qe4 Bxc3 26. Bxh5 Bxd2 27. f6 g6 28. Bf3 Rfe8 29. Qg4 Rad8 30. Rd1 Bc3 31. Rxd8 Rxd8 32.
Qf4 Bc8 33. Qc7 Re8 34. Bxc6 Re1+ 35. Kh2 Be5+ 36. Qxe5 Rxe5 0-1

[Event "*** Titled Tuesday Blitz"]
[Site "Chess.com"]
[Date "2021.04.20"]
[Round "5"]
[White "AlexSuv"]
[Black "Igor_Lysyj"]
[Result "0-1"]
[WhiteElo "2582"]
[BlackElo "2779"]
[TimeControl "180+1"]
[EndTime "10:54:48 PDT"]
[Termination "Igor_Lysyj won by resignation"]

1. d4 d5 2. c4 e6 3. Nc3 dxc4 4.
Nf3 a6 5. a4 Nc6 6. e4 Na5 7.
Be2 Bb4 8. O-O Nf6 9. Bg5 h6 10.
Bxf6 Qxf6 11. e5 Qe7 12. Nd2 O-O 13. Nxc4 Rd8 14. Nxa5 Bxa5 15. Bf3 c5 16. d5 exd5 17. Nxd5 Qxe5 18. Qc2 Be6 19. Qxc5 Rxd5 20. Bxd5 Qxd5 21. Qxd5 Bxd5 22. Rfd1 Bc6 23. Rd3 Bb4 24. Rad1 Kh7 25. b3 Re8 26. f3 a5 27. h4 h5 28. Kh2 Re2 29. Kg3 Bc5 30. Rc1 Bf2+ 31. Kh3 Rb2 32.
Rc4 g6 33. Rf4 Kg7 34. Rc4 Rb1 35. Kh2 Be1 36. Rcd4 Bb4 37. Rc4 Re1 38. Rcd4 Re5 39. Rf4 b5 40. axb5 Bxb5 41. Rdd4 Re2 42. Rfe4 Rb2 43. Re5 Bf1 44. Rd7 Rxg2+ 45. Kh1 Rf2 46. Re4 Rxf3 0-1

[Event "*** Titled Tuesday Blitz"]
[Site "Chess.com"]
[Date "2021.04.20"]
[Round "5"]
[White "Rsnr"]
[Black "Beca95"]
[Result "0-1"]
[WhiteElo "2779"]
[BlackElo "2847"]
[TimeControl "180+1"]
[EndTime "10:54:49 PDT"]
[Termination "Beca95 won by resignation"]

1. d4 Nf6 2. c4 c5 3. d5 e6 4. Nc3 exd5 5. cxd5 d6 6. Nf3 g6 7. Bf4 a6 8. e4 Bg4 9. h3 Bxf3 10. Qxf3 Nbd7 11. a4 Qe7 12. Be2 Bg7 13. O-O O-O 14. Qg3 Ne8 15. Rae1 h6 16. Qe3 Kh7 17. Bh2 Nc7 18. Kh1 Rab8 19. f4 b5 20. axb5 axb5 21. Bg4 b4 22. Nd1 Rfe8 23. Qd3 Nb6 24. b3 Ncxd5 25. Nf2 Nc3 26. Bf3 d5 27. e5 c4 28.
Qc2 Ra8 29. f5 Ra2 30. fxg6+ fxg6 31. Qc1 cxb3 32. Nd3 Nc4 33. e6 Rc2 34. Qf4 b2 35. Qg4 h5 36. Qg3 b1=Q 37. Rxb1 Nxb1 38. Rxb1 Nd2 39.
Nf4 Qf6 40. Bxh5 gxh5 41. Qd3+ Ne4 42. Qxc2 Qf5 43. Qd3 Nf2+ 0-1

[Event "*** Titled Tuesday Blitz"]
[Site "Chess.com"]
[Date "2021.04.20"]
[Round "5"]
[White "KeithArkell"]
[Black "KubaGepard"]
[Result "1-0"]
[WhiteElo "2597"]
[BlackElo "2406"]
[TimeControl "180+1"]
[EndTime "10:54:49 PDT"]
[Termination "KeithArkell won by resignation"]

1. d4 d5 2. Nf3 Nf6 3. c4 dxc4 4. e3 e6 5. Bxc4 c5 6. Nc3 Nc6 7. d5 exd5 8. Nxd5 Nxd5 9. Qxd5 Qxd5 10. Bxd5 Nb4 11.
Bb3 c4 12. Ba4+ Bd7 13. Bxd7+ Kxd7 14. Ke2 f6 15. Bd2 Nc6 16. a4 a6 17. a5 Bb4 18.
Rhc1 Rac8 19. Rxc4 Bxd2 20. Nxd2 Ne5 21. Rb4 Rc7 22. f4 Nc6 23. Rc4 Rhc8 24. Nb3 Ne7 25.
Rxc7+ Rxc7 26. Rd1+ Ke6 27. Nd4+ Kf7 28. Kd3 Nc6 29.
Nxc6 Rxc6 30. b4 Ke6 31. e4 b5 32. axb6 Rxb6 33. Ra1 g5 34. g3 f5 35. exf5+ Kf6 36. fxg5+ Kxg5 37. Kc4 Kxf5 38. Rf1+ Ke5 39. Rf4 Rc6+ 40. Kb3 h6 41. Rh4 Kf5 42. Ka4 Kg5 43. Ka5 Re6 44. Rc4 h5 45. h4+ Kf5 46. Rc5+ Kg4 47. Rg5+ Kf3 48. Rxh5 Kxg3 49. Rh8 Kg4 50. h5 Kg5 51. h6 Kg6 52. Ra8 Re5+ 53. Kxa6 Kxh6 54.
Rg8 Kh7 55. Rg1 Re2 56. b5 Ra2+ 57. Kb7 Rf2 58. b6 Rf7+ 59. Ka6 Rf2 60. Rb1 Ra2+ 61. Kb5 Rf2 62. b7 Rf8 1-0

[Event "*** Titled Tuesday Blitz"]
[Site "Chess.com"]
[Date "2021.04.20"]
[Round "5"]
[White "chessbia"]
[Black "NoboaKevin1999"]
[Result "0-1"]
[WhiteElo "2322"]
[BlackElo "2464"]
[TimeControl "180+1"]
[EndTime "10:54:49 PDT"]
[Termination "NoboaKevin1999 won on time"]

1. d4 Nf6 2. c4 e6 3. Nc3 Bb4 4. Qc2 b6 5. e4 c5 6. d5 Qe7 7.
Ne2 exd5 8. exd5 O-O 9. Bg5 b5 10. cxb5 Qe4 11. O-O-O Qxc2+ 12. Kxc2 d6 13. Bxf6 Bf5+ 14.
Kc1 gxf6 15. a3 Ba5 16. Ng3 Bg6 17. h4 h6 18. h5 Bh7 19. Bd3 Nd7 20. Bxh7+ Kxh7 21. Nf5 Rg8 22. g3 Bc7 23. Ne4 Rae8 24. Nfxd6 Re5 25.
Rh4 f5 26. Nxf7 Rxe4 27. Rxe4 fxe4 28. d6 Bb6 29. Rd5 Re8 30. Rf5 Kg7 31. Kd2 Re6 32.
g4 Nf6 33. Ne5 Rxd6+ 34. Ke3 c4+ 35. Kf4 Bxf2 36. Nxc4 Rd3 37. Ke5 Bg3+ 38. Ke6 e3 39. Rxf6 e2 40. Rf7+ Kg8 0-1

[Event "*** Titled Tuesday Blitz"]
[Site "Chess.com"]
[Date "2021.04.20"]
[Round "5"]
[White "Volodar_Murzin"]
[Black "Sychev_Klementy"]
[Result "0-1"]
[WhiteElo "2716"]
[BlackElo "2907"]
[TimeControl "180+1"]
[EndTime "10:54:50 PDT"]
[Termination "Sychev_Klementy won on time"]

1. e4 e6 2. d4 d5 3. Nc3 Nf6 4. e5 Nfd7 5. Nce2 c5 6. c3 Nc6 7.
Nf3 Be7 8. Nf4 Qa5 9. Nh5 O-O 10. a3 Nxd4 11. Nxd4 cxd4 12. b4 Qc7 13. cxd4 Qc3+ 14. Bd2 Qxd4 15. f4 a5 16. Rb1 axb4 17. axb4 Qe4+ 18.
Be2 Qxg2 19. Bf3 Bh4+ 20. Ng3 Bxg3+ 21. hxg3 Qxg3+ 22. Kf1 Ra3 23. Rb3 Rxb3 24. Qxb3 Nb6 25. Ke2 Bd7 26. b5 Nc4 27. Bc1 Ra8 28. b6 Ba4 29.
Qd3 g6 30. f5 Bb5 31. fxg6 Ra2+ 0-1